NCAA
KANSAS JAYHAWKS @ WAKE FOREST DEMON DEACONS
05/18/2024
 
TOP OF THE 1ST
Kansas Jayhawks batting - Pitching for Wake Forest Demon Deacons : RHP Jon Allen
Pitching: RHP Jon Allen
Batting: SHB Rudy Ryan 0-0: Called Strike
0-1: Foul Ball, location: 2F
0-2: Ball
1-2: Ball
2-2: Foul Ball, location: 2F
2-2: Ball
3-2: Strikes out looking
Batting: RHB Domingo Hernández 0-0: Ball
1-0: Called Strike
1-1: Foul Ball, location: 2F
1-2: Fly out, F3 (Popup, 3F)
Batting: LHB Greg Nelson 0-0: Foul Ball, location: 2F
0-1: SINGLE (Line Drive, 34)
Batting: LHB Robert Moore 0-0: Ball
1-0: Foul Ball, location: 2F
1-1: Ball
2-1: Swinging Strike
2-2: Foul Ball, location: 2F
2-2: Ball
3-2: Base on Balls
Greg Nelson to second
Batting: LHB Juan Mendoza 0-0: Ball
1-0: Ball
2-0: Ground out 1-3 (Groundball, 13S)
Top of the 1st over - 0 run(s), 1 hit(s), 0 error(s), 2 left on base; Kansas 0 - Wake Forest 0
BOTTOM OF THE 1ST
Wake Forest Demon Deacons batting - Pitching for Kansas Jayhawks : RHP Gerard Gustafson
Pitching: RHP Gerard Gustafson
Batting: SHB Terry Dailey 0-0: Foul Ball, location: 2F
0-1: Ball
1-1: Ball
2-1: Foul Ball, location: 2F
2-2: Ball
3-2: Fly out, F8 (Flyball, 8LM)
Batting: LHB Tom Watkins 0-0: Ball
1-0: Called Strike
1-1: Ball
2-1: Foul Ball, location: 2F
2-2: Strikes out swinging
Batting: RHB Jesse McKnight 0-0: SINGLE (Flyball, 9LS)
Batting: RHB Jim Villiers 0-0: Ball
Throwing error on steal attempt, E2
Jesse McKnight to third
1-0: Called Strike
1-1: Ball
2-1: Ball
3-1: Base on Balls
Batting: LHB Garrett King 0-0: Foul Ball, location: 2F
0-1: Ball
1-1: Ball
2-1: 3-RUN HOME RUN (Flyball, 9D), Distance : 355 ft
Batting: RHB Eric Rowe 0-0: Ball
1-0: Foul Ball, location: 2F
1-1: Ball
2-1: Foul Ball, location: 2F
2-2: Strikes out swinging
Bottom of the 1st over - 3 run(s), 2 hit(s), 1 error(s), 0 left on base; Kansas 0 - Wake Forest 3
TOP OF THE 2ND
Kansas Jayhawks batting - Pitching for Wake Forest Demon Deacons : RHP Jon Allen
Batting: RHB Ken Longoria 0-0: Called Strike
0-1: Ball
1-1: Fly out, F6 (Line Drive, 6D)
Batting: RHB David Milligan 0-0: Swinging Strike
0-1: Foul Ball, location: 2F
0-2: Ball
1-2: Foul Ball, location: 2F
1-2: Strikes out looking
Batting: RHB Henry Morris 0-0: Ball
1-0: Ball
2-0: Called Strike
2-1: Ball
3-1: Base on Balls
Batting: LHB John Christopher 0-0: Swinging Strike
0-1: Ball
Henry Morris is caught stealing 2nd base
Top of the 2nd over - 0 run(s), 0 hit(s), 0 error(s), 0 left on base; Kansas 0 - Wake Forest 3
BOTTOM OF THE 2ND
Wake Forest Demon Deacons batting - Pitching for Kansas Jayhawks : RHP Gerard Gustafson
Batting: RHB Ray Foley 0-0: Foul Ball, location: 2F
0-1: Ball
1-1: Swinging Strike
1-2: Strikes out swinging
Batting: LHB Greg Faulkner 0-0: Swinging Strike
0-1: Swinging Strike
0-2: Strikes out swinging
Batting: RHB Wilbert Bernard 0-0: Called Strike
0-1: Ball
1-1: Ball
2-1: Foul Ball, location: 2F
2-2: Foul Ball, location: 2F
2-2: Ball
3-2: Base on Balls
Batting: SHB Terry Dailey 0-0: Ball
1-0: Ball
2-0: Called Strike
2-1: Ball
3-1: Foul Ball, location: 2F
3-2: Base on Balls
Wilbert Bernard to second
Batting: LHB Tom Watkins 0-0: Ball
1-0: Ball
2-0: Ball
3-0: Called Strike
3-1: Base on Balls
Wilbert Bernard to third
Terry Dailey to second
Batting: RHB Jesse McKnight 0-0: Ball
1-0: Ball
2-0: Ball
3-0: Foul Ball, location: 2F
3-1: Base on Balls
Wilbert Bernard scores
Terry Dailey to third
Tom Watkins to second
Batting: RHB Jim Villiers 0-0: Called Strike
0-1: Called Strike
0-2: Ball
1-2: Ball
2-2: Fly out, F8 (Flyball, 8RXD)
Bottom of the 2nd over - 1 run(s), 0 hit(s), 0 error(s), 3 left on base; Kansas 0 - Wake Forest 4
TOP OF THE 3RD
Kansas Jayhawks batting - Pitching for Wake Forest Demon Deacons : RHP Jon Allen
Batting: LHB John Christopher 0-0: Ball
1-0: Fly out, F2 (Popup, 2LF)
Batting: SHB Rudy Ryan 0-0: Foul Ball, location: 2F
0-1: Foul Ball, location: 2F
0-2: Foul Ball, location: 2F
0-2: Ball
1-2: SINGLE (Line Drive, 34)
Batting: RHB Domingo Hernández 0-0: SINGLE (Groundball, 6MD)
Rudy Ryan to second
Runner from 2nd tries for 3rd, SAFE, throw made to third
Batting: LHB Greg Nelson 0-0: Ball
1-0: Called Strike
1-1: Fly out, F7 (Flyball, 7M)
Runner from 3rd tags up, SCORES, no throw
Batting: LHB Robert Moore 0-0: Called Strike
0-1: Foul Ball, location: 2F
0-2: Strikes out swinging
Top of the 3rd over - 1 run(s), 2 hit(s), 0 error(s), 1 left on base; Kansas 1 - Wake Forest 4
BOTTOM OF THE 3RD
Wake Forest Demon Deacons batting - Pitching for Kansas Jayhawks : RHP Gerard Gustafson
Batting: LHB Garrett King 0-0: Called Strike
0-1: Ball
1-1: Swinging Strike
1-2: Strikes out swinging
Batting: RHB Eric Rowe 0-0: SINGLE (Groundball, 6M)
Batting: RHB Ray Foley 0-0: Ball
1-0: Ball
Eric Rowe steals 2nd base
2-0: Swinging Strike
2-1: Ball
3-1: Swinging Strike
3-2: SINGLE (Line Drive, 34)
Eric Rowe to third
Batting: LHB Greg Faulkner 0-0: Fly out, F1 (Popup, 13S)
Batting: RHB Wilbert Bernard 0-0: Fly out, F8 (Line Drive, 8RM)
Bottom of the 3rd over - 0 run(s), 2 hit(s), 0 error(s), 2 left on base; Kansas 1 - Wake Forest 4
TOP OF THE 4TH
Kansas Jayhawks batting - Pitching for Wake Forest Demon Deacons : RHP Jon Allen
Batting: LHB Juan Mendoza 0-0: Called Strike
0-1: Ball
1-1: Ball
2-1: Ball
3-1: Base on Balls
Batting: RHB Ken Longoria 0-0: Ball
1-0: Ball
2-0: Foul Ball, location: 2F
2-1: Foul Ball, location: 2F
2-2: Fly out, F9 (Line Drive, 9LM)
Batting: RHB David Milligan 0-0: Called Strike
0-1: Ball
1-1: Swinging Strike
1-2: Ball
2-2: Ball
3-2: Base on Balls
Juan Mendoza to second
Batting: RHB Henry Morris 0-0: Ball
1-0: Ball
2-0: SINGLE (Groundball, 6MD)
Juan Mendoza to third
David Milligan to second
Batting: LHB John Christopher 0-0: Called Strike
0-1: SINGLE (Line Drive, 78S)
Juan Mendoza scores
David Milligan to third
Henry Morris to second
Runner from 3rd tries for Home, SAFE, throw made home
Henry Morris to third
John Christopher to second
Batting: SHB Rudy Ryan 0-0: Foul Ball, location: 2F
0-1: DOUBLE (Line Drive, 7LS)
Henry Morris scores
John Christopher scores
Batting: RHB Domingo Hernández 0-0: SINGLE (Line Drive, 34)
Rudy Ryan to third
Runner from 3rd tries for Home, throw and OUT!
Domingo Hernández to second
Batting: LHB Greg Nelson 0-0: Foul Ball, location: 2F
0-1: SINGLE (Groundball, 34D)
Domingo Hernández to third
Runner from 3rd tries for Home, SAFE, no throw or cutoff
Batting: LHB Robert Moore 0-0: Ball
1-0: SINGLE (Line Drive, 6MD)
Greg Nelson to second
Batting: LHB Juan Mendoza 0-0: Fielders Choice at 2nd, U4 (Groundball, 4M)
Top of the 4th over - 5 run(s), 6 hit(s), 0 error(s), 2 left on base; Kansas 6 - Wake Forest 4
BOTTOM OF THE 4TH
Wake Forest Demon Deacons batting - Pitching for Kansas Jayhawks : RHP Gerard Gustafson
Batting: SHB Terry Dailey 0-0: Ball
1-0: Called Strike
1-1: Fly out, F8 (Flyball, 8LM)
Batting: LHB Tom Watkins 0-0: Called Strike
0-1: Ball
1-1: DOUBLE (Flyball, 89M)
Pitching: RHP Hugh Robinson
Batting: RHB Jesse McKnight 0-0: Called Strike
0-1: Ball
1-1: Called Strike
1-2: Foul Ball, location: 2F
1-2: Ball
2-2: Ball
3-2: Base on Balls
Batting: RHB Jim Villiers 0-0: Foul Ball, location: 2F
0-1: Ball
1-1: Ball
2-1: Swinging Strike
2-2: Ball
3-2: Foul Ball, location: 2F
3-2: Base on Balls
Tom Watkins to third
Jesse McKnight to second
Batting: LHB Garrett King 0-0: Ball
1-0: SINGLE (Line Drive, 8LS)
Tom Watkins scores
Jesse McKnight to third
Jim Villiers to second
Runner from 3rd tries for Home, SAFE, no throw or cutoff
Batting: RHB Eric Rowe 0-0: Ball
1-0: Fly out, F2 (Popup, 2RF)
Batting: RHB Ray Foley 0-0: SINGLE (Line Drive, 7LS)
Jim Villiers to third
Garrett King to second
Runner from 3rd tries for Home, SAFE, no throw or cutoff
Batting: LHB Greg Faulkner 0-0: Called Strike
0-1: Ball
1-1: Swinging Strike
1-2: Ball
2-2: Strikes out swinging
Bottom of the 4th over - 3 run(s), 3 hit(s), 0 error(s), 2 left on base; Kansas 6 - Wake Forest 7
TOP OF THE 5TH
Kansas Jayhawks batting - Pitching for Wake Forest Demon Deacons : RHP Jon Allen
Batting: RHB Ken Longoria 0-0: Ball
1-0: Called Strike
1-1: Ball
2-1: Fly out, F8 (Line Drive, 8RM)
Pitching: RHP Dan Mitchell
Batting: RHB David Milligan 0-0: Ground out 5-3 (Groundball, 56S)
Pitching: LHP Lonnie Cole
Batting: RHB Henry Morris 0-0: Fly out, F3 (Popup, 3DF)
Top of the 5th over - 0 run(s), 0 hit(s), 0 error(s), 0 left on base; Kansas 6 - Wake Forest 7
BOTTOM OF THE 5TH
Wake Forest Demon Deacons batting - Pitching for Kansas Jayhawks : RHP Hugh Robinson
Batting: RHB Wilbert Bernard 0-0: Ball
1-0: Called Strike
1-1: Swinging Strike
1-2: Strikes out swinging
Batting: SHB Terry Dailey 0-0: Ball
1-0: Called Strike
1-1: Ball
2-1: Foul Ball, location: 2F
2-2: Ball
3-2: Ground out 4-3 (Groundball, 4)
Batting: LHB Tom Watkins 0-0: Called Strike
0-1: Swinging Strike
0-2: Strikes out swinging
Bottom of the 5th over - 0 run(s), 0 hit(s), 0 error(s), 0 left on base; Kansas 6 - Wake Forest 7
TOP OF THE 6TH
Kansas Jayhawks batting - Pitching for Wake Forest Demon Deacons : LHP Lonnie Cole
Pitching: LHP Marc Young
Batting: LHB John Christopher 0-0: Ball
1-0: SINGLE (Line Drive, 34)
Pitching: LHP Greg Ferguson
Batting: SHB Rudy Ryan 0-0: Ball
1-0: Called Strike
1-1: Ball
2-1: Called Strike
Error on foul ball, E2
2-2: Foul Ball, location: 2F
2-2: Ball
3-2: Fly out, F9 (Flyball, 9LM)
Batting: RHB Domingo Hernández 0-0: Ball
1-0: Ball
2-0: Fly out, F3 (Popup, 3F)
Batting: LHB Greg Nelson 0-0: Called Strike
0-1: SINGLE (Line Drive, 4MD)
John Christopher to second
Batting: LHB Robert Moore 0-0: Called Strike
0-1: Foul Ball, location: 2F
0-2: Ball
1-2: Strikes out swinging
Top of the 6th over - 0 run(s), 2 hit(s), 1 error(s), 2 left on base; Kansas 6 - Wake Forest 7
BOTTOM OF THE 6TH
Wake Forest Demon Deacons batting - Pitching for Kansas Jayhawks : RHP Hugh Robinson
Batting: RHB Jesse McKnight 0-0: Ball
1-0: Ball
2-0: Ball
3-0: Called Strike
3-1: Called Strike
3-2: Foul Ball, location: 2F
3-2: Base on Balls
Batting: RHB Jim Villiers 0-0: Ball
1-0: Swinging Strike
1-1: Swinging Strike
1-2: Ball
2-2: Ball
3-2: Base on Balls
Jesse McKnight to second
Batting: LHB Garrett King 0-0: Swinging Strike
0-1: Ball
1-1: Called Strike
1-2: Foul Ball, location: 2F
1-2: Strikes out swinging
Pitching: RHP Glen Miller
Batting: RHB Eric Rowe 0-0: Called Strike
0-1: Swinging Strike
0-2: SINGLE (Groundball, 56)
Jesse McKnight to third
Jim Villiers to second
Runner from 3rd tries for Home, throw and OUT!
Jim Villiers to third
Eric Rowe to second
Batting: RHB Ray Foley 0-0: Swinging Strike
0-1: Ball
1-1: Called Strike
1-2: Foul Ball, location: 2F
1-2: Ball
2-2: Foul Ball, location: 2F
2-2: Fly out, F7 (Flyball, 7M)
Bottom of the 6th over - 0 run(s), 1 hit(s), 0 error(s), 2 left on base; Kansas 6 - Wake Forest 7
TOP OF THE 7TH
Kansas Jayhawks batting - Pitching for Wake Forest Demon Deacons : LHP Greg Ferguson
Batting: LHB Juan Mendoza 0-0: Fly out, F9 (Flyball, 89M)
Batting: RHB Ken Longoria 0-0: Ball
1-0: Foul Ball, location: 2F
1-1: Called Strike
1-2: Ball
2-2: Ball
3-2: Foul Ball, location: 2F
3-2: Base on Balls
Batting: RHB David Milligan 0-0: Ball
1-0: Ball
2-0: Ball
3-0: Called Strike
3-1: Foul Ball, location: 2F
3-2: Foul Ball, location: 2F
3-2: Base on Balls
Ken Longoria to second
Pinch Hitting: LHB Milo Powers 0-0: Ball
1-0: Ball
2-0: Called Strike
2-1: Ball
3-1: SINGLE (Line Drive, 9S)
Ken Longoria to third
David Milligan to second
Runner from 3rd tries for Home, SAFE, no throw or cutoff
Pinch Hitting: RHB Steve Clack 0-0: Ball
1-0: Called Strike
1-1: Ball
2-1: Ball
3-1: Base on Balls
David Milligan to third
Milo Powers to second
Batting: SHB Rudy Ryan 0-0: Grounds into double play, 6-4-3 (Groundball, 56)
Top of the 7th over - 1 run(s), 1 hit(s), 0 error(s), 2 left on base; Kansas 7 - Wake Forest 7
BOTTOM OF THE 7TH
Wake Forest Demon Deacons batting - Pitching for Kansas Jayhawks : RHP Glen Miller
Now at SS: Nicholas Harris
Now in CF: Kyle Baylor
Batting: LHB Greg Faulkner 0-0: Ball
1-0: Ball
2-0: Called Strike
2-1: Ball
3-1: Swinging Strike
3-2: Strikes out swinging
Batting: RHB Wilbert Bernard 0-0: Foul Ball, location: 2F
0-1: Swinging Strike
0-2: Ball
1-2: Strikes out swinging
Batting: SHB Terry Dailey 0-0: Ball
1-0: Ball
2-0: Ball
3-0: Base on Balls
Pinch Hitting: SHB Ernesto García 0-0: Ball
1-0: Ball
2-0: SINGLE (Line Drive, 6D)
Terry Dailey to second
Batting: RHB Jesse McKnight 0-0: Called Strike
0-1: DOUBLE (Groundball, 3L)
Terry Dailey scores
Ernesto García to third
Runner from 3rd tries for Home, throw and OUT!
Bottom of the 7th over - 1 run(s), 2 hit(s), 0 error(s), 1 left on base; Kansas 7 - Wake Forest 8
TOP OF THE 8TH
Kansas Jayhawks batting - Pitching for Wake Forest Demon Deacons : LHP Greg Ferguson
Now in LF: Roberto Félix
Batting: RHB Domingo Hernández 0-0: Ball
1-0: Called Strike
1-1: Ball
2-1: Ball
3-1: SINGLE (Groundball, 6MD)
Batting: LHB Greg Nelson 0-0: 2-RUN HOME RUN (Flyball, 9D), Distance : 346 ft
Batting: LHB Robert Moore 0-0: Called Strike
0-1: SINGLE (Flyball, 8LS)
Batting: LHB Juan Mendoza 0-0: Called Strike
0-1: Ground out 4-3 (Groundball, 4M)
Robert Moore to second
Batting: RHB Ken Longoria 0-0: Intentional Walk
Batting: RHB David Milligan 0-0: 3-RUN HOME RUN (Flyball, 9D), Distance : 353 ft
Batting: RHB Nicholas Harris 0-0: Ball
1-0: Swinging Strike
1-1: Hit by Pitch
Pitching: RHP Thurman Strahan
Batting: RHB Kyle Baylor 0-0: Called Strike
0-1: Swinging Strike
0-2: Foul Ball, location: 2F
0-2: Foul Ball, location: 2F
0-2: Ball
1-2: Ball
Wild Pitch!
Nicholas Harris to second
2-2: Strikes out swinging
Batting: SHB Rudy Ryan 0-0: Ball
1-0: Fly out, F9 (Flyball, 9LM)
Top of the 8th over - 5 run(s), 4 hit(s), 0 error(s), 1 left on base; Kansas 12 - Wake Forest 8
BOTTOM OF THE 8TH
Wake Forest Demon Deacons batting - Pitching for Kansas Jayhawks : RHP Glen Miller
Batting: RHB Jim Villiers 0-0: Ball
1-0: Ball
2-0: Ball
3-0: Called Strike
3-1: Foul Ball, location: 2F
3-2: Foul Ball, location: 2F
3-2: Base on Balls
Batting: LHB Garrett King 0-0: Ball
1-0: Foul Ball, location: 2F
1-1: Ball
2-1: Ball
3-1: Base on Balls
Jim Villiers to second
Batting: RHB Eric Rowe 0-0: Ball
1-0: Ball
2-0: Ball
3-0: Base on Balls
Jim Villiers to third
Garrett King to second
Pitching: RHP Joe Rose
Batting: RHB Ray Foley 0-0: Ball
1-0: Called Strike
1-1: Foul Ball, location: 2F
1-2: Foul Ball, location: 2F
1-2: Foul Ball, location: 2F
1-2: SINGLE (Flyball, 8RM)
Jim Villiers scores
Garrett King to third
Eric Rowe to second
Pitching: LHP Jake Long
Batting: LHB Greg Faulkner 0-0: Ground out 5-3 (Groundball, 5S)
Garrett King scores
Eric Rowe to third
Ray Foley to second
Pitching: RHP Arturo Rodríguez
Batting: RHB Wilbert Bernard 0-0: Called Strike
0-1: Swinging Strike
0-2: Foul Ball, location: 2F
0-2: Ball
1-2: SINGLE (Flyball, 9S)
Eric Rowe scores
Ray Foley to third
Batting: SHB Terry Dailey 0-0: Ball
1-0: Called Strike
1-1: Ball
2-1: Swinging Strike
2-2: Strikes out swinging
Pitching: LHP Zack González
Batting: LHB Roberto Félix 0-0: Ball
1-0: Ball
2-0: Called Strike
2-1: Ball
3-1: Foul Ball, location: 2F
3-2: Base on Balls
Wilbert Bernard to second
Pitching: RHP Larry Bischoff
Batting: RHB Jesse McKnight 0-0: Ball
1-0: Swinging Strike
1-1: SINGLE (Line Drive, 4)
Ray Foley scores
Wilbert Bernard to third
Roberto Félix to second
Runner from 3rd tries for Home, SAFE, no throw or cutoff
Batting: RHB Jim Villiers 0-0: Called Strike
0-1: Called Strike
0-2: Ball
1-2: Ball
2-2: Ball
3-2: SINGLE (Flyball, 8RS)
Roberto Félix to third
Jesse McKnight to second
Roberto Félix scores
Jesse McKnight to third
Batting: LHB Garrett King 0-0: Ball
1-0: SINGLE (Groundball, 6MD) (infield hit)
Jesse McKnight scores
Jim Villiers to second
Batting: RHB Eric Rowe 0-0: Ball
1-0: Ball
2-0: Ball
3-0: Base on Balls
Jim Villiers to third
Garrett King to second
Batting: RHB Ray Foley 0-0: Fly out, F7 (Flyball, 78S)
Bottom of the 8th over - 7 run(s), 5 hit(s), 0 error(s), 3 left on base; Kansas 12 - Wake Forest 15
TOP OF THE 9TH
Kansas Jayhawks batting - Pitching for Wake Forest Demon Deacons : RHP Thurman Strahan
Batting: RHB Domingo Hernández 0-0: Ball
1-0: Ball
2-0: SINGLE (Flyball, 9LS)
Batting: LHB Greg Nelson 0-0: Called Strike
0-1: Called Strike
0-2: Hit by Pitch
Domingo Hernández to second
Batting: LHB Robert Moore 0-0: Called Strike
0-1: Ball
1-1: Foul Ball, location: 2F
1-2: Ball
2-2: Foul Ball, location: 2F
2-2: Foul Ball, location: 2F
2-2: Ball
3-2: Base on Balls
Domingo Hernández to third
Greg Nelson to second
Batting: LHB Juan Mendoza 0-0: Ball
Wild Pitch!
Domingo Hernández scores
Greg Nelson to third
Robert Moore to second
1-0: Called Strike
1-1: Foul Ball, location: 2F
1-2: Ball
2-2: Strikes out swinging
Batting: RHB Ken Longoria 0-0: Called Strike
0-1: Swinging Strike
0-2: Ball
1-2: Foul Ball, location: 2F
1-2: Foul Ball, location: 2F
1-2: Ball
2-2: Strikes out swinging
Pinch Hitting: LHB Victor Stuart 0-0: Ball
1-0: Ball
2-0: Ball
3-0: Base on Balls
Batting: RHB Nicholas Harris 0-0: Ball
1-0: Fly out, F9 (Flyball, 9S)
Top of the 9th over - 1 run(s), 1 hit(s), 0 error(s), 3 left on base; Kansas 13 - Wake Forest 15
This league is powered by Out of the Park Baseball, the baseball management simulation game for PC, Mac and Linux
Saturday, April 9th, 2016 - OOTP Baseball 16.8 Build 38